Map: Ruins of Endion

Players

capac - Winner!

  • Race: Terran Terran
  • League: Gold

A.I. 1 (Elite)

  • Race: Terran Terran

VOD

Have the link to the VOD?

Description

Time

  • Played on: May 2, 2016, 3:03 p.m.
  • Length: 11:47
Show
View Real Time Build Order
Export as new Build Order

capac Terran - Winner!

Build Orders: Reaper Expand, MMM Bio 

Get SALT Encoding   

  12  0:00  SCV  
  13  0:13  SCV  
  14  0:18  Supply Depot  
  14  0:25  SCV  
  15  0:39  SCV  
  15  0:42  Barracks  
  16  0:51  Refinery  
  16  0:52  SCV  
  17  1:04  SCV  
  18  1:16  SCV  
  19  1:32  Orbital Command  
  19  1:35  Reaper  
  20  1:41  Command Center  
  20  1:57  Supply Depot, SCV  
  21  2:16  Factory  
  21  2:25  SCV  
  22  2:30  Barracks, Barracks Reactor  
  22  2:42  SCV  
  23  2:44  Refinery  
  23  2:50  Barracks  
  23  2:54  SCV  
  23  2:57  SCV  
  25  3:04  Factory Tech Lab  
  25  3:11  Orbital Command  
  25  3:19  Marine  
  25  3:20  Marine  
  25  3:22  Barracks Tech Lab  
  25  3:24  Siege Tank  
  30  3:27  Barracks  
  30  3:31  SCV  
  31  3:36  Refinery  
  31  3:46  SCV x2  
  33  3:50  Stimpack  
  33  3:52  Barracks Reactor  
  33  3:58  SCV x2  
  33  3:59  Supply Depot  
  33  4:01  Marine  
  33  4:02  Marine  
  37  4:10  SCV  
  38  4:22  Starport  
  38  4:23  SCV x2  
  40  4:26  Marine x2  
  40  4:28  Marine  
  40  4:29  Marine  
  40  4:30  Barracks Reactor  
  44  4:33  Siege Tank  
  44  4:36  SCV x2  
  49  4:39  Refinery  
  49  4:40  Marine  
  50  4:48  SCV x2  
  52  4:54  Marine x2  
  54  5:09  Supply Depot, Marine x3  
  54  5:10  SCV x2  
  62  5:14  Siege Tank  
  62  5:30  Marine x4, SCV, Medivac  
  62  5:32  SCV  
  70  5:37  Supply Depot  
  70  5:40  Supply Depot  
  70  5:50  Medivac  
  70  5:51  Marauder, SCV x2  
  70  5:53  Barracks Reactor  
  70  5:54  Marine x2  
  78  5:59  Marine x2  
  78  6:03  SCV x2  
  82  6:11  Siege Tank  
  85  6:13  Marine x3  
  85  6:17  Supply Depot  
  88  6:20  Supply Depot, SCV x2  
  90  6:29  Medivac x2  
  94  6:39  SCV x2  
  96  6:43  Supply Depot x2  
  96  6:57  Command Center  
  96  6:59  Medivac x2  
  100  7:05  Supply Depot x2  
  100  7:09  Engineering Bay  
  100  7:10  Engineering Bay  
  100  7:11  Marine  
  100  7:12  Marine x4  
  105  7:20  Marine  
  106  7:27  Combat Shields  
  106  7:28  Supply Depot  
  106  7:29  Supply Depot  
  106  7:33  Marine  
  106  7:34  Marine x4  
  111  7:38  Terran Infantry Weapons Level 1, Terran Infantry Armor Level 1  
  111  7:50  Supply Depot  
  111  7:51  Supply Depot  
  111  7:52  Medivac x2  
  111  7:53  Marine  
  111  7:54  Marine x2  
  111  7:57  Marine x2  
  111  7:58  Marine  
  121  8:01  Marauder  
  123  8:05  Siege Tank  
  125  8:20  Marine  
  125  8:21  Marine x5  
  131  8:28  Medivac x2  
  131  8:29  Marine  
  136  8:35  Supply Depot  
  136  8:38  Marine x3, Armory  
  136  8:39  Marine x3  
  138  8:57  Marine  
  138  8:58  Marine x5  
  138  8:59  Marauder  
  146  9:21  Medivac x2  
  150  9:25  Siege Tank  
  153  9:35  SCV x2  
  155  9:39  Marine  
  155  9:40  Marine  
  155  9:41  Marine x5  
  162  9:57  Marine, Siege Tank  
  162  9:58  Marine  
  162  9:59  Marine x5  
  151  10:15  Marine  
  151  10:16  Marine x4  
  151  10:17  Marine x2  
  158  10:32  Marine  
  158  10:34  Marine x6  
  165  10:50  Marine  
  165  10:52  Marine x2  
  168  11:00  Marine  
  168  11:01  Marine x3  
  172  11:08  Marine  
  172  11:09  Marine  
  172  11:10  Marine  
  175  11:18  Marine x4  
  179  11:26  Marine  
  179  11:27  Marine  
  179  11:28  Marine  
Show
View Real Time Build Order
Export as new Build Order

A.I. 1 (Elite) Terran 

Build Orders: MMM Bio 

Get SALT Encoding   

  12  0:00  SCV  
  13  0:13  SCV  
  14  0:19  Supply Depot  
  14  0:25  SCV  
  15  0:31  Refinery  
  15  0:41  SCV  
  16  0:48  Barracks  
  16  0:53  SCV  
  17  1:05  SCV  
  18  1:17  SCV  
  19  1:35  Supply Depot  
  19  1:38  Factory, Marine, Orbital Command  
  20  1:47  Barracks  
  20  1:56  Marine  
  21  2:04  Refinery, SCV  
  22  2:13  Marine  
  23  2:16  SCV  
  23  2:21  Supply Depot  
  24  2:25  Factory Tech Lab  
  24  2:28  SCV  
  25  2:31  Marine  
  25  2:35  Barracks Tech Lab  
  26  2:43  Hellion  
  28  2:54  Marauder  
  28  2:55  Concussive Shells  
  28  2:57  Barracks Tech Lab  
  30  3:05  Hellion  
  32  3:15  Supply Depot, Marauder  
  32  3:16  Marauder  
  36  3:26  Hellion  
  38  3:35  SCV  
  38  3:37  Marauder  
  38  3:40  Starport  
  40  3:46  Marine  
  40  3:48  SCV  
  42  3:59  Marine  
  42  4:00  SCV  
  44  4:06  Marine  
  45  4:11  Stimpack  
  45  4:12  SCV  
  46  4:18  Marine  
  46  4:21  Supply Depot  
  47  4:33  Combat Shields  
  47  4:42  Marine x2, SCV, Medivac  
  52  4:45  Supply Depot  
  52  4:58  Engineering Bay  
  52  5:00  Marauder, Marine  
  55  5:10  Command Center  
  55  5:22  Marauder  
  55  5:25  Terran Infantry Weapons Level 1  
  57  5:28  Supply Depot  
  57  5:29  Marine  
  58  5:43  Marauder  
  58  5:48  Marauder  
  62  5:52  Engineering Bay  
  62  6:03  Barracks  
  62  6:04  Marine  
  62  6:09  Marine  
  64  6:13  Supply Depot  
  64  6:18  Terran Infantry Armor Level 1  
  64  6:23  Marauder, SCV  
  64  6:24  SCV  
  68  6:35  SCV  
  68  6:36  SCV  
  70  6:48  SCV x2  
  70  6:51  Barracks Reactor  
  72  6:57  Marauder, Siege Tank  
  72  7:00  SCV x2  
  79  7:10  Command Center  
  79  7:12  SCV  
  80  7:18  Orbital Command  
  80  7:24  SCV  
  80  7:29  Siege Tank  
  84  7:32  Supply Depot  
  84  7:36  SCV  
  85  7:44  Missile Turret, SCV  
  86  7:49  SCV  
  87  7:52  Missile Turret  
  87  7:56  SCV  
  88  8:01  Siege Tank, SCV  
  88  8:02  Barracks, Starport Reactor  
  92  8:07  Supply Depot  
  92  8:08  SCV  
  93  8:17  Armory  
  92  8:25  SCV  
  92  8:26  SCV  
  94  8:29  SCV  
  94  8:33  Siege Tank  
  98  8:36  Marine x2  
  98  8:37  SCV  
  98  8:38  SCV  
  90  8:41  SCV  
  90  8:43  Marine  
  90  8:45  Marine  
  79  8:49  SCV  
  79  8:50  SCV  
  79  8:53  Marine, SCV  
  79  8:55  Marine x2  
  85  9:01  Marine, SCV  
  87  9:03  Marine  
  87  9:04  SCV  
  87  9:05  SCV  
  90  9:12  Marauder, Marine  
  90  9:13  Marine, SCV  
  90  9:14  Siege Tank  
  90  9:16  SCV  
  99  9:17  SCV  
  99  9:19  Marine  
  99  9:21  Marine  
  102  9:25  SCV  
  102  9:28  SCV  
  102  9:30  SCV  
  105  9:32  Marine  
  105  9:33  Marine  
  105  9:36  Supply Depot  
  105  9:37  SCV  
  108  9:41  Viking  
  108  9:45  Viking  
  112  9:50  Refinery, SCV  
  112  9:52  Marine  
  110  9:53  Marine  
  110  9:57  Command Center  
  110  9:59  Refinery  
  65  10:07  Marine  
  65  10:11  Marine  
  49  10:24  SCV  
  36  10:45  Refinery  
  28  11:01  Supply Depot  
  28  11:04  Refinery  
  25  11:09  SCV  
  22  11:11  SCV  
  20  11:22  SCV  
  20  11:23  SCV  
Tags
 
Composition
MMM BioMMM Bio
League
Gold
Matchup
TvT
Race
Terran
Add a new tag
Caveats
  • Supply blocks, unpowered buildings, or Contaminate may cause inaccurate times.
  • Supply counts are checked every 10 seconds.